 Dungeon Crawl Stone Soup version 0.30-a0-782-ge64f9170bb (webtiles) character file.

Game seed: 13429828346576068784

91 mopl the Insei (level 4, 0/32 HPs)
             Began as a Djinni Transmuter on Mar 9, 2023.
             Slain by a gnoll
             ... wielding a +0 club
              (3 damage)
             ... on level 2 of the Dungeon.
             The game lasted 00:02:33 (1362 turns).

mopl the Insei (Djinni Transmuter)                  Turns: 1362, Time: 00:02:34

Health: 0/32       AC:  2    Str: 11    XL:     4   Next: 87%
Gold:   67         EV: 12    Int: 15    God:
                   SH:  0    Dex: 13

rFire   + + +      SeeInvis .      - Unarmed
rCold   x . .      Faith    .    (no shield)
rNeg    . . .      Spirit   .    a - +0 robe
rPois   ∞          Reflect  .    (no helmet)
rElec   .          Harm     .    (no cloak)
rCorr   .          Rampage  .    (no gloves)
Will    .....                    (boots unavailable)
Stlth   +                        (no amulet)
HPRegen 0.25/turn                c - ring of protection from fire
MPRegen 0.00/turn                (no ring)

@: flying
A: sickness immunity, fire resistance 2, cold vulnerability 1, float, innate
caster, HP casting, extra vitality 1
a: no special abilities


You were on level 2 of the Dungeon.
You visited 1 branch of the dungeon, and saw 3 of its levels.

You collected 67 gold pieces.

Inventory:

Armour
 a - a +0 robe (worn)
 k - a +0 tower shield
Jewellery
 c - a ring of protection from fire (left hand)
 d - a ring of fire
Scrolls
 g - 3 scrolls of identify {unknown}
 h - a scroll of brand weapon {unknown}
 m - a scroll of fog {unknown}
 n - a scroll of teleportation {unknown}
 o - 3 scrolls of amnesia {unknown}
 p - a scroll of torment {unknown}
Potions
 b - 2 potions of lignification {!q}
 e - a potion of degeneration {unknown}
 f - a potion of cancellation {unknown}
 i - a potion of ambrosia {unknown}
 j - a potion of might {unknown}
 l - a potion of curing
 q - a potion of heal wounds {unknown}


   Skills:
 - Level 1.0 Fighting
 - Level 2.1 Dodging
 * Level 4.6 Unarmed Combat
 + Level 2.3 Spellcasting


You couldn't memorise any spells.
You knew the following spells:

 Your Spells              Type           Power      Damage    Failure   Level
a - Beastly Appendage     Tmut           16%        N/A       9%          1
b - Spider Form           Tmut/Pois      8%         N/A       24%         3
c - Kiss of Death         Conj/Necr      32%        2d7       9%          1
d - Ice Form              Ice/Tmut       8%         N/A       63%         4
w - Wereblood             Tmut           8%         N/A       12%         2
Your spell library was empty.

Dungeon Overview and Level Annotations

Branches:
Dungeon (3/15)

Altars:
Zin

Shops:
D:2 :


Innate Abilities, Weirdness & Mutations

You are immune to sickness and miasma.
You are immune to poison.
Your flesh is very heat resistant. (rF++)
You are vulnerable to cold. (rC-)
You float through the air rather than walking.
You learn spells naturally, not from books.
Your magical power is your life essence.
You have superior vitality. (+4 MHP)


Message History

Casting: Wereblood (safe; 12% risk of failure)
Confirm with . or Enter, or press ? or * to list all spells.
The spell is quite dangerous to miscast (24% risk of failure)!
Continue anyway?
You miscast Spider Form.
You are very lightly contaminated with residual magic.
Nothing appears to happen.
Casting: Spider Form (quite dangerous; 24% risk of failure)
Confirm with . or Enter, or press ? or * to list all spells.
You grow a pair of large bovine horns.
The gnoll barely misses you.
A gnoll breaks down the door.
You barely miss the gnoll. The gnoll closely misses you.
You hit the gnoll but do no damage. You headbutt the gnoll.
The gnoll is heavily wounded.
Your transformation is almost over.
The gnoll hits you with a +0 club! The gnoll misses you.
You barely miss the gnoll.
The gnoll is heavily wounded.
The gnoll barely misses you. The gnoll misses you.
The gnoll hits you from afar with a +0 halberd!
* * * LOW HITPOINT WARNING * * *
Your magical contamination has completely faded away.
You barely miss the gnoll. You headbutt the gnoll.
The gnoll is moderately wounded.
The gnoll hits you from afar with a +0 halberd.
* * * LOW HITPOINT WARNING * * *
The gnoll closely misses you. The gnoll attacks as you move away!
The gnoll barely misses you.
There is an open door here.
Your horns disappear.
The gnoll attacks as you move away! The gnoll barely misses you.
Your primal bloodlust is almost over.
Your primal bloodlust has ended.
The gnoll attacks as you move away! The gnoll closely misses you.
The gnoll attacks as you move away! The gnoll hits you with a +0 club.
* * * LOW HITPOINT WARNING * * *
The gnoll attacks as you move away! The gnoll hits you with a +0 club.
* * * LOW HITPOINT WARNING * * *
There is a stone staircase leading down here.
The gnoll hits you with a +0 club.
You die...

##'### #g####.'
#....######### #.#
### #............##
#g# ##
#....#######..###
#.#####. #....#
##...# #...##..
#....# ###.#
######.#.'..⌠
#....#
#.#####.g....####..
#....#
#....g..###### ###.
#....#
#.@g..g....(.....##
.....#
################..#
#####.......#..+
.........##.#.##
.........##.#.##
.........##.#.##
.......<.'..#...
.........####.##
.........'....##


You could see 4 gnolls.

Vanquished Creatures
  An adder (D:2)
  3 gnolls (D:2)
  A worm (D:2)
  2 dart slugs (D:1)
  3 ball pythons
  3 endoplasms
  A giant cockroach (D:2)
  3 goblins
  8 hobgoblins
  4 jackals (D:1)
  2 quokkas
  A bat (D:1)
  4 frilled lizards
  5 kobolds
  3 rats
44 creatures vanquished.

Notes
Turn   | Place    | Note
-------+----------+-------------------------------------------
     0 | D:1      | mopl the Djinni Transmuter began the quest for the Orb.
     0 | D:1      | mopl set off with the following spells memorised: Beastly
                  | Appendage, Wereblood, Spider Form, Ice Form.
     0 | D:1      | Reached XP level 1. HP: 17/17 MP: 0/0
    41 | D:1      | Reached XP level 2. HP: 16/22 MP: 0/0
   281 | D:1      | Reached XP level 3. HP: 27/27 MP: 0/0
   281 | D:1      | Learned a level 1 spell: Kiss of Death
   326 | D:1      | Reached skill level 2 in Spellcasting
   822 | D:2      | Found a glowing silver altar of Zin.
   839 | D:2      | Reached skill level 4 in Unarmed Combat
   975 | D:2      | Reached XP level 4. HP: 17/32 MP: 0/0
  1170 | D:2      | Found Woqiker's Book Emporium.
  1362 | D:2      | Slain by a gnoll

Illustrated notes

Levels and vault maps discovered:
D:1:      dpeg_arrival_orchard, layout_loops_ring, serial_bayou_pond_e
D:2:      layout_basic, serial_shops, nicolae_shop_crystal, basic_altar,
          hellmonk_ecumenical_altar_defaced_shrine, nicolae_hexahallways,
          st_stairs_4, uniq_natasha
D:3:      layout_basic

Skill      XL: |  1  2  3 |
---------------+----------+-----
Spellcasting   | 2 |  2.3
Unarmed Combat | 4 |  4.6
Fighting       | |  1.0
Dodging        | |  2.1

Action                     |  1- 3 |  4- 6 || total
---------------------------+-------+-------++-------
  Melee: Unarmed           |   113 |    43 ||   156
         Headbutt          |     7 |     4 ||    11
         Punch             |     3 |       ||     3
   Cast: Beastly Appendage |    17 |     3 ||    20
         Wereblood         |     1 |     2 ||     3
         Spider Form       |     1 |     3 ||     4
   Stab: Sleeping          |     2 |     1 ||     3
 Armour: Robe              |    21 |     2 ||    23
         Skin              |     1 |       ||     1
  Dodge: Dodged            |    63 |    34 ||    97

Table legend: (Time is in decaauts)
 A = Elapsed time spent in this place.
 B = Non-inter-level travel time spent in this place.
 C = Inter-level travel time spent in this place.
 D = Time resting spent in this place.
 E = Time spent auto-exploring this place.
 F = Levels seen in this place.
 G = Mean time per level.
                   A        B        C        D        E       F      G
               +--------+--------+--------+--------+--------+-----+--------+
         Total |   1352 |   1322 |     30 |    140 |    805 |   3 |  450.7 |
       Dungeon |   1352 |   1322 |     30 |    140 |    805 |   3 |  450.7 |
               +--------+--------+--------+--------+--------+-----+--------+

Top non-repeatable levels by time:
     D:1: 647 daAuts
     D:2: 554 daAuts
     D:3: 151 daAuts
